 Dungeon Crawl Stone Soup version 0.27-a0-1147-gb3d8e82157 (webtiles) character file.

Game seed: 4210564495993284821

134 kae the Skirmisher (level 4, 0/37 HPs)
             Began as a Demonspawn Fighter on May 11, 2021.
             Slain by a phantom (7 damage)
             ... on level 3 of the Dungeon.
             The game lasted 00:01:46 (3492 turns).

kae the Skirmisher (Demonspawn Fighter)             Turns: 3492, Time: 00:01:47

Health: 0/37       AC:  6    Str: 18    XL:     4   Next: 95%
Magic:  4/4        EV:  7    Int:  9    God:
Gold:   121        SH:  9    Dex: 18    Spells: 3/3 levels left

rFire    . . .     SeeInvis .   a - +1 long sword
rCold    . . .     Faith    .   c - +0 kite shield
rNeg     . . .     Spirit   .   b - +0 scale mail
rPois    .         Reflect  .   (helmet restricted)
rElec    .         Harm     .   (no cloak)
rCorr    .         Rampage  .   (no gloves)
Will     .....                  (no boots)
Stlth    ..........             (no amulet)
HPRegen  0.12/turn              f - +6 ring of dexterity
MPRegen  0.09/turn              (no ring)

@: no status effects
A: horns 1, demonic guardian 1
a: no special abilities


You were on level 3 of the Dungeon.
You visited 1 branch of the dungeon, and saw 4 of its levels.

You collected 121 gold pieces.

Inventory:

Hand Weapons
 a - a +1 long sword (weapon)
Armour
 b - a +0 scale mail (worn)
 c - a +0 kite shield (worn)
Jewellery
 f - a +6 ring of dexterity (left hand)
Scrolls
 e - a scroll of fog
 g - a scroll of enchant armour {unknown}
 h - a scroll of torment {unknown}
 k - a scroll of identify
Potions
 d - 2 potions of might
 i - a potion of resistance {unknown}
 j - a potion of attraction
 m - a potion of lignification
 n - a potion of curing {unknown}


   Skills:
 + Level 3.7 Fighting
 + Level 2.8 Long Blades
 + Level 3.4 Armour
 + Level 3.4 Shields


You had 3 spell levels left.
You didn't know any spells.
Your spell library was empty.

Dungeon Overview and Level Annotations

Branches:
Dungeon (4/15)
 Temple: D:4-7

Altars:
Kikubaaqudgha
Trog

Shops:
D:2 =


Innate Abilities, Weirdness & Mutations

You have a pair of small horns on your head.
A weak demonic guardian rushes to your aid.


Message History

The phantom hits you but does no damage.
The adder bites your shadow imp.
Your shadow imp is poisoned.
The adder poisons your shadow imp!
You hit the phantom but do no damage.
You headbutt the phantom, but do no damage.
The phantom is moderately damaged.
The adder bites your shadow imp. You block the phantom's attack.
Your shadow imp hits the adder.
You block the phantom's attack.
Your shadow imp misses the adder.
The adder bites your shadow imp but does no damage.
You slash the phantom!
The phantom is heavily damaged.
The adder bites your shadow imp. You block the phantom's attack.
Your shadow imp hits the adder.
The adder dies!
The phantom hits you.
* * * LOW HITPOINT WARNING * * *
The phantom blinks!
You blink.
The phantom hits you.
* * * LOW HITPOINT WARNING * * *
A demonic guardian appears!
Okay, then.
You closely miss the phantom. Your headbutt misses the phantom.
The phantom is heavily damaged.
Your white imp gestures at the phantom.
The puff of frost hits the phantom.
The phantom resists.
The phantom barely misses your white imp.
Your shield and scale mail prevent you from hitting the phantom.
The phantom is severely damaged.
Your white imp hits the phantom but does no damage.
The phantom hits your white imp.
You hit the phantom.
The phantom is severely damaged.
Your shadow imp looks more healthy.
Your white imp barely misses the phantom.
The phantom hits you but does no damage.
Your white imp hits the phantom.
Your white imp freezes the phantom.
The phantom completely resists.
The phantom hits you!
You die...

#.# #.# #.# #.#
##.#####.#
##########........#
........##..#######
#######.##..#
###########.#
...#####....#######
##.###Z#._......@.#######
##..####....###W5.......#
.#.########.# #5#.#####.#
.#.# #.....)###.#.## #.#
.#.# ##....5.......# #.#
.#.# #..##.###.#..####.#
.#.####..##>##.......##.#
...............#..##[##.#
.#..####...)##...###.##.#


You could see a phantom (ally target), a friendly white imp (summoned) and a
friendly shadow imp (summoned).

Vanquished Creatures
  3 adders (D:3)
  3 gnolls (D:2)
  A worm (D:2)
  2 dart slugs
  5 orcs (D:3)
  6 bats
  6 endoplasms
  2 giant cockroaches
  6 hobgoblins
  2 jackals (D:3)
  A kobold (D:2)
  3 quokkas
  5 ball pythons
  A frilled lizard (D:1)
  8 goblins
  5 rats
59 creatures vanquished.

Vanquished Creatures (collateral kills)
  An adder (D:3)
  A jackal (D:3)
2 creatures vanquished.

Vanquished Creatures (others)
  A human (D:3)
1 creature vanquished.

Grand Total: 62 creatures vanquished

Notes
Turn   | Place    | Note
-------+----------+-------------------------------------------
     0 | D:1      | kae the Demonspawn Fighter began the quest for the Orb.
     0 | D:1      | Reached XP level 1. HP: 18/18 MP: 1/1
   372 | D:1      | Gained mutation: A weak demonic guardian rushes to your
                  | aid. [demonic ancestry]
   372 | D:1      | Reached XP level 2. HP: 24/24 MP: 2/2
  1427 | D:2      | Reached XP level 3. HP: 29/29 MP: 3/3
  1729 | D:2      | Found a faded altar of an unknown god.
  1999 | D:2      | Gained mutation: You have a pair of small horns on your
                  | head. [demonic ancestry]
  1999 | D:2      | Reached XP level 4. HP: 35/35 MP: 4/4
  2183 | D:2      | Found Uroramm's Jewellery Shop.
  2257 | D:2      | Found a bloodstained altar of Trog.
  2638 | D:3      | Found an ancient bone altar of Kikubaaqudgha.
  2641 | D:3      | Noticed a human
  2642 | D:3      | Killed a human
  3473 | D:4      | Noticed a phantom
  3492 | D:3      | Slain by a phantom

Illustrated notes

Levels and vault maps discovered:
D:1:      psy_arrival_whirlpool, layout_basic, serial_corexii_hall,
          chequers_hall_statues_wall_a, corexii_hall_statues_x, minivault_27
D:2:      layout_basic, hellmonk_ecumenical_altar_crossroads, serial_shops,
          nicolae_shop_window_shopping, basic_altar
D:3:      layout_loops_ring, tgw_kikubaaqudgha
D:4:      layout_loops_cross, uniq_edmund, uniq_blork_the_orc

Skill      XL: |  1  2 |
---------------+-------+-----
Long Blades    | 2 |  2.8
Shields        | 3 |  3.4
Armour         | 3 |  3.4
Fighting       | |  3.7

Action                   |  1- 3 |  4- 6 || total
-------------------------+-------+-------++-------
Melee: Long sword        |   103 |    74 ||   177
       Headbutt          |       |    11 ||    11
  Use: Scroll            |     8 |       ||     8
Armor: Scale mail        |    59 |    34 ||    93
Dodge: Dodged            |    25 |    18 ||    43
Block: Kite shield       |    62 |    50 ||   112
       Rpst.: Long sword |     9 |     7 ||    16

Table legend: (Time is in decaauts)
 A = Elapsed time spent in this place.
 B = Non-inter-level travel time spent in this place.
 C = Inter-level travel time spent in this place.
 D = Time resting spent in this place.
 E = Time spent auto-exploring this place.
 F = Levels seen in this place.
 G = Mean time per level.
                   A        B        C        D        E       F      G
               +--------+--------+--------+--------+--------+-----+--------+
         Total |   3584 |   3516 |     68 |    137 |   2924 |   4 |  896.0 |
       Dungeon |   3584 |   3516 |     68 |    137 |   2924 |   4 |  896.0 |
               +--------+--------+--------+--------+--------+-----+--------+

Top non-repeatable levels by time:
     D:2: 1506 daAuts
     D:1: 1044 daAuts
     D:3: 1027 daAuts
     D:4: 6 daAuts
